 Dungeon Crawl Stone Soup version 0.22.1-1-ga44c0e5 (webtiles) character file.

541 Anon1729 the Chopper (level 7, -2/63 HPs)
             Began as a Naga Gladiator on Oct 19, 2018.
             Killed by divine providence
             ... invoked by an orc priest
              (15 damage)
             ... on level 5 of the Dungeon.
             The game lasted 00:04:19 (4358 turns).

Anon1729 the Chopper (Naga Gladiator)               Turns: 4358, Time: 00:04:21

Health: -2/63      AC:  8    Str: 16    XL:     7   Next: 26%
Magic:  7/7        EV: 11    Int:  9    God:
Gold:   260        SH:  0    Dex: 14    Spells: 6/6 levels left

rFire    . . .     SeeInvis +   a - +0 war axe
rCold    . . .     Gourm    .   (no shield)
rNeg     . . .     Faith    .   g - +0 leather armour (curse)
rPois    +         Spirit   .   c - +0 helmet
rElec    .         Reflect  .   u - +2 cloak {rPois}
rCorr    .         Harm     .   (no gloves)
MR       .....                  (no barding)
Stlth    +.........             (no amulet)
HPRegen  0.20/turn              (no ring)
MPRegen  0.10/turn              (no ring)

@: short of breath, very slow
A: large, see invisible, deformed body, poison resistance, slowness 2, slow
metabolism 1, spit poison 1, AC +2
a: Spit Poison


You were on level 5 of the Dungeon.
You were very hungry.

You visited 1 branch of the dungeon, and saw 5 of its levels.

You collected 260 gold pieces.

Inventory:

Hand Weapons
 a - a +0 war axe (weapon)
 l - a +2 quarterstaff of chaos
 p - a cursed +0 spear
Missiles
 d - 3 throwing nets (quivered)
Armour
 b - a +0 leather armour
 c - a +0 helmet (worn)
 g - a cursed +0 leather armour (worn)
 u - a +2 cloak of poison resistance (worn)
Jewellery
 h - an uncursed ring of protection from fire {unknown}
 v - a +6 amulet of reflection {unknown}
Scrolls
 e - 3 scrolls of remove curse {unknown}
 j - a scroll of random uselessness {unknown}
 k - a scroll of enchant weapon {unknown}
 t - a scroll of immolation {unknown}
Potions
 i - a potion of curing {unknown}
 m - a potion of ambrosia {unknown}
 n - 2 potions of might {unknown}
 o - 2 potions of haste {unknown}
 q - a potion of invisibility {unknown}
 r - a potion of magic {unknown}
 s - a potion of heal wounds
Comestibles
 f - 6 rations


   Skills:
 + Level 3.7 Fighting
 * Level 5.5 Axes
 - Level 2.0 Throwing
 + Level 2.4 Armour
 + Level 3.6 Dodging


You had 6 spell levels left.
You didn't know any spells.
Your spell library was empty.

Dungeon Overview and Level Annotations

Branches:
Dungeon (5/15)
 Temple: D:4-7

Altars:
Dithmenos
Nemelex Xobeh
Okawaru
Zin

Annotations:
D:3 1 runed door


Innate Abilities, Weirdness & Mutations

You cannot wear boots.
Your serpentine skin is tough. (AC +2)
You have supernaturally acute eyesight. (SInv)
Armour fits poorly on your strangely shaped body.
Your system is resistant to poisons. (rPois)
You cover ground very slowly.
You have a slow metabolism.
You can spit poison.


Message History

* * * LOW HITPOINT WARNING * * *
The orc priest barely misses you.
Unknown command.
Okay, then.
You closely miss the orc priest.
The orc priest is severely wounded.
You barely miss the orc.
The orc priest hits you but does no damage.
The orc hits you but does no damage.
The orc priest calls upon Beogh to heal the orc priest.
The orc priest is healed somewhat.
Press: ? - help, Shift-Dir - straight line, f - orc priest
Aim: an orc priest, wielding a whip (moderately wounded)
The splash of poison hits the orc priest.
The orc priest is poisoned.
The orc priest is severely wounded.
You feel slightly more hungry.
The orc priest invokes the aid of Beogh against you.
Beogh smites you!
You die...

.. #.## . ...
#. ..# ###[##
..# #.....#..#
.#........#
...(..o...# .#
#...o.@#######
.#
#....)o......#
...
.....########.#
#.# #### #.#
#.# ####.###.#
#........#
#.#####..# #.#
#..# #.# #..#


You could see 2 orc priests and an orc.

Vanquished Creatures
  Eustachio (D:4)
  An ogre (D:4)
  A crimson imp (D:3)
  Crazy Yiuf (D:4)
  2 orc wizards
  3 gnolls (D:3)
  A howler monkey skeleton (D:4)
  9 adders
  2 oozes
  3 leopard geckos
  8 orcs
  7 bats
  3 giant cockroaches
  6 goblins
  2 hobgoblins (D:2)
  5 jackals
  3 frilled lizards
  4 kobolds
  A leopard gecko skeleton (D:4)
  A quokka skeleton (D:4)
  8 rats
  2 fungi (D:4)
74 creatures vanquished.

Notes
Turn   | Place    | Note
-------+----------+-------------------------------------------
     0 | D:1      | Anon1729 the Naga Gladiator began the quest for the Orb.
     0 | D:1      | Reached XP level 1. HP: 19/19 MP: 1/1
   173 | D:1      | Reached XP level 2. HP: 26/26 MP: 2/2
   851 | D:2      | Found an iron altar of Okawaru.
   854 | D:2      | Reached XP level 3. HP: 27/32 MP: 3/3
   922 | D:2      | Reached skill level 1 in Armour
   935 | D:2      | Reached XP level 4. HP: 15/40 MP: 4/4
  1624 | D:3      | Reached skill level 4 in Axes
  1667 | D:3      | Found a shadowy altar of Dithmenos.
  1742 | D:3      | Reached XP level 5. HP: 47/48 MP: 5/5
  1746 | D:3      | Found a runed door.
  1746 | D:3      | Noticed an angel
  1766 | D:3      | Found a glowing silver altar of Zin.
  1817 | D:3      | Found a sparkling altar of Nemelex Xobeh.
  2328 | D:3      | Reached XP level 6. HP: 32/56 MP: 6/6
  3217 | D:4      | Noticed Eustachio
  3234 | D:4      | Killed Eustachio
  3234 | D:4      | Reached skill level 5 in Axes
  3472 | D:4      | Reached XP level 7. HP: 53/62 MP: 7/7
  3974 | D:4      | Found a runed door.
  3978 | D:4      | Noticed Crazy Yiuf
  3993 | D:4      | Killed Crazy Yiuf
  4264 | D:5      | Entered Level 5 of the Dungeon
  4358 | D:5      | Killed from afar by an orc priest

Skill      XL: |  1  2  3  4  5  6 |
---------------+-------------------+-----
Throwing       | 2 |  2.0
Armour         | 1 2 |  2.4
Axes           | 4 5 |  5.5
Dodging        | 3 |  3.6
Fighting       | 3 |  3.7

Action                   |  1- 3 |  4- 6 |  7- 9 || total
-------------------------+-------+-------+-------++-------
Melee: War axe           |    68 |   132 |    54 ||   254
 Abil: Spit Poison       |     2 |     5 |     4 ||    11
  Use: Potion            |     1 |     1 |       ||     2
 Stab: Sleeping          |       |     1 |       ||     1
  Eat: Chunk             |       |     7 |     1 ||     8
Armor: Leather armour    |    30 |    47 |    17 ||    94
Dodge: Dodged            |    57 |    85 |    34 ||   176
